 Dungeon Crawl Stone Soup version 0.25.0-1-g7eea58d2a3 (webtiles) character file.

Game seed: 13401896039670698846

4326 nikku the Thaumaturge (level 10, 0/61 HPs)
             Began as a Deep Elf Conjurer on June 13, 2020.
             Was an Elder of Vehumet.
             Slain by an unseen horror (7 damage)
             ... on level 8 of the Dungeon.
             The game lasted 00:25:00 (9846 turns).

nikku the Thaumaturge (Deep Elf Conjurer)           Turns: 9846, Time: 00:25:01

Health: 0/61       AC:  5    Str:  5    XL:     10   Next: 11%
Magic:  19/34      EV: 13    Int: 24    God:    Vehumet [****..]
Gold:   509        SH:  0    Dex: 15    Spells: 9/27 levels left

rFire    . . .     SeeInvis .   d - +6 hand axe (vamp)
rCold    . . .     Gourm    .   (no shield)
rNeg     . . .     Faith    +   a - +0 robe
rPois    .         Spirit   .   (no helmet)
rElec    .         Reflect  .   w - +0 cloak
rCorr    .         Harm     .   n - +1 pair of gloves
MR       +....                  (no boots)
Stlth    +++.......             l - amulet of faith
HPRegen  0.20/turn              p - ring of wizardry
MPRegen  0.24/turn              z - ring of magical power

@: no status effects
A: no striking features
a: Renounce Religion


You were on level 8 of the Dungeon.
You worshipped Vehumet.
Vehumet was greatly pleased with you.
You were not hungry.

You visited 1 branch of the dungeon, and saw 8 of its levels.

You collected 509 gold pieces.

Inventory:

Hand Weapons
 d - a +6 vampiric hand axe (weapon)
Missiles
 e - 7 javelins (quivered)
 h - 23 poisoned darts
Armour
 a - a +0 robe (worn)
 n - a +1 pair of gloves (worn)
 r - a +0 tower shield
 w - a +0 cloak (worn)
Jewellery
 l - an amulet of faith (around neck)
 p - a ring of wizardry (left hand)
 u - an uncursed ring of protection from magic
 v - a +6 ring of intelligence
 z - a ring of magical power (right hand)
 C - an uncursed amulet of reflection {unknown}
Scrolls
 g - a scroll of torment {unknown}
 i - 5 scrolls of teleportation
 t - 2 scrolls of magic mapping
 y - a scroll of amnesia
 A - 2 scrolls of remove curse
 B - 2 scrolls of identify
Potions
 b - 2 potions of lignification
 f - 3 potions of curing
 j - 2 potions of brilliance
 k - a potion of haste {unknown}
 m - 2 potions of mutation
 o - a potion of might
 q - a potion of flight {unknown}
 s - a potion of degeneration {unknown}
 x - a potion of heal wounds {unknown}
Comestibles
 c - 17 rations
 D - 2 chunks of flesh


   Skills:
 + Level 6.3 Fighting
 - Level 2.4 Dodging
 + Level 5.4 Stealth
 * Level 4.2 Shields
 + Level 9.2 Spellcasting
 - Level 7.0 Conjurations
 - Level 6.0 Hexes
 - Level 5.1 Translocations


You had 9 spell levels left.
You knew the following spells:

 Your Spells              Type           Power        Failure   Level  Hunger
a - Magic Dart            Conj           ####         1%          1    None
b - Searing Ray           Conj           #####.       1%          2    None
c - Iskenderun's Mystic   Conj/Tloc      #####...     1%          4    ##.....
d - Fulminant Prism       Conj/Hex       #####.....   1%          4    ##.....
e - Conjure Flame         Conj/Fire      ####....     1%          3    None
f - Petrify               Tmut/Erth      ##......     22%         4    ##.....

Your spell library contained the following spells:

 Spells                   Type           Power        Failure   Level  Hunger
 Confusing Touch          Hex            #####...     1%          3    None
 Dazzling Flash           Conj/Hex       #####.       1%          3    None
 Gell's Gravitas          Tloc           #####.....   1%          3    None
 Yara's Violent Unravell  Hex/Tmut       ####......   5%          5    ####...
 Metabolic Englaciation   Hex/Ice        ####......   19%         5    ####...


Dungeon Overview and Level Annotations

Branches:
Dungeon (8/15)             Temple (0/1) D:5            Lair (0/6) D:8

Altars:
Gozag
Kikubaaqudgha
Nemelex Xobeh
Uskayaw
Vehumet
Yredelemnul

Shops:
D:8 }


Message History

Something hits you.
* * * LOW HITPOINT WARNING * * *
The orc hits your fulminant prism with a +0 morningstar!
Your fulminant prism explodes!
The blast of energy engulfs the orc!!!
You kill the orc!
Vehumet accepts your kill.
You feel your power returning. Something barely misses you. Something hits you!
* * * LOW HITPOINT WARNING * * *
Okay, then.
You feel better. Something hits you.
* * * LOW HITPOINT WARNING * * *
Something hits you.
* * * LOW HITPOINT WARNING * * *
Something hits you.
* * * LOW HITPOINT WARNING * * *
Something hits you!
You die...

#.......#..#..# #.
#.......#..#..# ##.
#.......#.)#..# #..
#.......#..#..# ##..
#.......#..#..# ###...
#.....#.#..#..# ####..[..
#.....###..#..####.'......
#.....# #..#.......#....).
##..#.# #@.#......##.....(
#..#..##..#####..#......#
##..#...#..# ##...#.....##
#...#...#..###...##..(..#
#.#.#...#..#.....#...(.##
###.#.#...#.......##.....#
#...#.#...#.....###......#
##.###.....#..####......รท##
#..##......#'##..........#


There were no monsters in sight!

Vanquished Creatures
  An ugly thing (D:8)
  A spriggan (D:7)
  A wyvern (D:8)
  4 ice beasts
  2 orc warriors (D:8)
  A phantom (D:6)
  An ogre (D:4)
  3 sky beasts
  3 big kobolds
  A wyvern zombie (D:8)
  A gnoll sergeant (D:8)
  3 bullfrogs
  4 scorpions
  3 killer bees (D:6)
  4 howler monkeys
  10 hounds
  2 quasits (D:7)
  A bullfrog skeleton (D:8)
  3 crimson imps
  6 jellies
  6 orc priests
  4 orc wizards
  9 worker ants
  3 iguanas
  2 worker ant zombies
  A howler monkey zombie (D:6)
  15 adders
  3 gnolls (D:6)
  3 shadow imps
  An ooze (D:1)
  2 adder zombies
  An adder skeleton (D:5)
  A worm (D:2)
  2 dart slugs
  3 leopard geckos
  26 orcs
  5 bats
  6 giant cockroaches
  6 goblins
  7 hobgoblins
  9 jackals
  15 kobolds
  8 quokkas
  3 ball pythons
  5 frilled lizards
  2 leopard gecko zombies (D:5)
  9 rats
  A spectral orc (D:3)
  2 fulminant prisms (D:8)
215 creatures vanquished.

Vanquished Creatures (others)
  6 fulminant prisms (D:8)
6 creatures vanquished.

Grand Total: 221 creatures vanquished

Notes
Turn   | Place    | Note
-------+----------+-------------------------------------------
     0 | D:1      | nikku the Deep Elf Conjurer began the quest for the Orb.
     0 | D:1      | Reached XP level 1. HP: 10/10 MP: 6/6
   113 | D:1      | Reached XP level 2. HP: 16/16 MP: 4/8
   220 | D:1      | Learned a level 2 spell: Searing Ray
   580 | D:1      | Reached skill level 1 in Fighting
   700 | D:1      | Reached XP level 3. HP: 20/20 MP: 8/10
  1417 | D:2      | Found an opulent altar of Gozag.
  1421 | D:2      | Reached skill level 4 in Spellcasting
  1559 | D:2      | Reached skill level 5 in Conjurations
  1809 | D:2      | Reached XP level 4. HP: 25/25 MP: 8/12
  2767 | D:3      | Learned a level 4 spell: Iskenderun's Mystic Blast
  2772 | D:3      | Learned a level 4 spell: Fulminant Prism
  3150 | D:3      | Reached skill level 1 in Hexes
  3180 | D:3      | Found a radiant altar of Vehumet.
  3181 | D:3      | Found an ancient bone altar of Kikubaaqudgha.
  3182 | D:3      | Found a hide-covered altar of Uskayaw.
  3190 | D:3      | Became a worshipper of Vehumet
  3217 | D:3      | Found a basalt altar of Yredelemnul.
  3389 | D:3      | Learned a level 4 spell: Fulminant Prism
  3448 | D:4      | Reached XP level 5. HP: 30/30 MP: 10/13
  3480 | D:4      | Reached skill level 1 in Translocations
  3522 | D:4      | Noticed an ice beast
  3531 | D:4      | Killed an ice beast
  3531 | D:4      | Reached skill level 5 in Spellcasting
  3531 | D:4      | Reached XP level 6. HP: 20/35 MP: 3/15
  4631 | D:4      | Reached XP level 7. HP: 40/40 MP: 9/17
  4897 | D:5      | Entered Level 5 of the Dungeon
  5056 | D:5      | Reached * piety under Vehumet
  5056 | D:5      | Offered knowledge of Sandblast by Vehumet.
  5238 | D:5      | Reached skill level 6 in Spellcasting
  5413 | D:5      | Found a sparkling altar of Nemelex Xobeh.
  5471 | D:5      | Found a staircase to the Ecumenical Temple.
  5973 | D:5      | Reached XP level 8. HP: 42/48 MP: 12/19
  6762 | D:6      | Reached ** piety under Vehumet
  6769 | D:6      | Offered knowledge of Freeze by Vehumet.
  6815 | D:6      | Reached skill level 5 in Hexes
  6961 | D:6      | Reached skill level 7 in Spellcasting
  7076 | D:6      | Reached skill level 5 in Fighting
  7303 | D:6      | Offered knowledge of Frozen Ramparts by Vehumet.
  7878 | D:7      | Reached XP level 9. HP: 54/54 MP: 22/22
  7954 | D:7      | Reached *** piety under Vehumet
  7954 | D:7      | Reached skill level 5 in Translocations
  8332 | D:7      | Reached skill level 1 in Shields
  8633 | D:7      | Reached skill level 8 in Spellcasting
  8789 | D:8      | Found Aggypt's Gadget Shoppe.
  8911 | D:8      | Offered knowledge of Stone Arrow by Vehumet.
  9188 | D:8      | Reached **** piety under Vehumet
  9356 | D:8      | Offered knowledge of Conjure Flame by Vehumet.
  9361 | D:8      | Learned a level 3 spell: Conjure Flame
  9377 | D:8      | Reached skill level 5 in Stealth
  9377 | D:8      | Reached skill level 9 in Spellcasting
  9383 | D:8      | Learned a level 4 spell: Petrify
  9414 | D:8      | Found a staircase to the Lair.
  9421 | D:8      | Noticed a purple ugly thing
  9552 | D:8      | Killed a purple ugly thing
  9552 | D:8      | Reached XP level 10. HP: 51/60 MP: 17/25
  9846 | D:8      | Slain by an unseen horror

Illustrated notes

Levels and vault maps discovered:
D:1:      dpeg_arrival_pits, layout_loops_ring
D:2:      layout_basic, nicolae_gozag_seed_capital
D:3:      layout_basic, yredelemnul_forgotten_temple_becter,
          gammafunk_temple_overflow_claw
D:4:      layout_basic, first_ration, hangedman_decor_riveting
D:5:      layout_loops_ring, kennysheep_mini, minmay_temple_entry_poolview,
          minmay_misc_feat_cross
D:6:      layout_rooms, minmay_misc_feat_pillars
D:7:      layout_loops_cross, the_bakery, st_stairs_6
D:8:      minmay_quarter_circles, layout_rooms, lair_entry_dummy, serial_shops,
          shop, minmay_statues_item

Skill      XL: |  1  2  3  4  5  6  7  8  9 |
---------------+----------------------------+-----
Fighting       | 1 2 3 5 6 |  6.3
Spellcasting   | 4 5 6 7 9 |  9.2
Conjurations   | 5 6 7 |  7.0
Hexes          | 1 2 3 4 5 6 |  6.0
Translocations | 1 2 3 4 5 |  5.1
Shields        | 4 |  4.2
Stealth        | 5 |  5.4
Dodging        | |  2.4

Action                   |  1- 3 |  4- 6 |  7- 9 | 10-12 || total
-------------------------+-------+-------+-------+-------++-------
Melee: Hand axe          |       |       |       |     2 ||     2
Throw: Javelin           |       |       |     1 |       ||     1
 Cast: Magic Dart        |    64 |    86 |   307 |     3 ||   460
       Searing Ray       |     1 |    13 |    59 |     2 ||    75
       Iskenderun's Myst |       |       |    12 |     1 ||    13
       Fulminant Prism   |       |       |     2 |     6 ||     8
  Use: Scroll            |     1 |     6 |    13 |       ||    20
       Potion            |       |       |       |     1 ||     1
  Eat: Chunk             |     3 |     8 |    15 |     1 ||    27
Armor: Robe              |     1 |     3 |    12 |     5 ||    21
Dodge: Dodged            |     7 |     8 |    55 |     3 ||    73
